 Dungeon Crawl Stone Soup version 0.21-a0-221-gfe971b9 (webtiles) character file.

58 tidbits the Grave Robber (level 3, 1/26 HPs)
             Began as a Demigod Necromancer on Aug 26, 2017.
             Quit the game on level 3 of the Dungeon.
             The game lasted 00:07:25 (922 turns).

tidbits the Grave Robber (Demigod Necromancer)       Turns: 922, Time: 00:07:26

Health: 1/26       AC:  2    Str: 11    XL:     3   Next: 52%
Magic:  1/9        EV: 12    Int: 21    God:
Gold:   84         SH:  0    Dex: 16    Spells: 1/6 levels left

rFire    + . .     SeeInvis .   w - +0 trident
rCold    . . .     Gourm    .   (no shield)
rNeg     . . .     Faith    .   l - +0 robe
rPois    .         Spirit   .   (no helmet)
rElec    .         Reflect  .   (no cloak)
rCorr    .         Harm     .   (no gloves)
MR       .....                  (no boots)
Stlth    ++........             (no amulet)
HPRegen  0.08/turn              s - ring of protection from fire
MPRegen  0.11/turn              (no ring)

@: no status effects
A: high mp 1
a: no special abilities


You were on level 3 of the Dungeon.
You were not hungry.

You visited 1 branch of the dungeon, and saw 3 of its levels.

You collected 84 gold pieces.

Inventory:

Hand Weapons
 a - a +0 dagger
 q - a +0 short sword
 t - a +0 hand axe
 w - a +0 trident (weapon)
Missiles
 k - 37 bolts
 m - 25 stones (quivered)
 n - 17 arrows
Armour
 l - a +0 robe (worn)
 x - a +2 scale mail of magic resistance
   (You found it on level 2 of the Dungeon)
Jewellery
 f - an uncursed amulet of guardian spirit
   (You found it on level 1 of the Dungeon)
 s - a ring of protection from fire (left hand)
   (You found it on level 2 of the Dungeon)
Scrolls
 d - a scroll of blinking {unknown}
 g - a scroll of remove curse
 j - a scroll of enchant armour
Potions
 e - a potion of might
 i - a potion of cancellation {unknown}
 o - a potion of brilliance {unknown}
 p - a potion of curing {unknown}
Books
 b - a book of Necromancy

   Spells                             Type                      Level
   a - Pain                           Necromancy                   1
   b - Animate Skeleton               Necromancy                   1
   c - Vampiric Draining              Necromancy                   3
   d - Regeneration                   Charms/Necromancy            3
   e - Animate Dead                   Necromancy                   4
   f - Control Undead                 Necromancy                   4
Comestibles
 c - a bread ration
 r - a royal jelly
 u - a meat ration
 v - 2 chunks of flesh


   Skills:
 - Level 1.9 Dodging
 - Level 2.0 Stealth
 + Level 2.3 Spellcasting
 * Level 4.4 Necromancy


You had one spell level left.
You knew the following spells:

 Your Spells              Type           Power        Failure   Level  Hunger
n - Animate Skeleton      Necr           N/A          2%          1    #......
v - Vampiric Draining     Necr           ###.......   7%          3    ###....
z - Pain                  Necr           ###.         2%          1    #......


Dungeon Overview and Level Annotations

Branches:
Dungeon (3/15)


Innate Abilities, Weirdness & Mutations

You have an increased reservoir of magic. (+10% MP)


Message History

Aiming: Pain
Press: ? - help, Shift-Dir - straight line, f - ball python
Aim: a ball python (resting, chance to defeat MR: 91%)
The ball python hisses angrily.
The ball python writhes in agony!
You kill the ball python!
Casting: Pain
Confirm with . or Enter, or press ? or * to list all spells.
Aiming: Pain
Press: ? - help, Shift-Dir - straight line, f - dart slug
Aim: a dart slug (chance to defeat MR: 91%)
The dart slug writhes in agony!
Your surroundings suddenly seem different.
Found a leather armour.
A bat comes into view.
Casting: Pain
Confirm with . or Enter, or press ? or * to list all spells.
Aiming: Pain
Press: ? - help, Shift-Dir - straight line, f - bat
Aim: a bat (resting, chance to defeat MR: 91%)
The bat writhes in agony!
You kill the bat!
Wear which item? (? for menu, Esc to quit)
Okay, then.
As you read the scroll labeled RISIV TEYC, it crumbles to dust.
It is a scroll of enchant armour.
Your shiny scale mail glows green for a moment.
Found 17 stones.
Found a bread ration.
Found 8 gold pieces.
You see here a bat corpse.
A worm and an orc come into view.
Found an opulent altar of Gozag.
You see here a bat corpse.
The hobgoblin shouts!
Casting: Pain
Confirm with . or Enter, or press ? or * to list all spells.
Aiming: Pain
Press: ? - help, Shift-Dir - straight line, f - hobgoblin
Aim: a hobgoblin (chance to defeat MR: 91%)
The hobgoblin writhes in agony!
You kill the hobgoblin!
Memorise Vampiric Draining, consuming 3 spell levels and leaving 1?
You start memorising the spell.
You continue memorising.
The jackal barks!
You continue memorising. x2
You finish memorising.
Spell assigned to 'a'.
Adjust (i)tems, (s)pells, or (a)bilities?
Adjust which spell? a - Vampiric Draining Adjust to which letter? v - Vampiric Draining
Casting: Pain
Confirm with . or Enter, or press ? or * to list all spells.
Aiming: Pain
Press: ? - help, Shift-Dir - straight line, f - jackal
Aim: a jackal (chance to defeat MR: 91%)
The jackal writhes in agony!
Casting: Pain
Confirm with . or Enter, or press ? or * to list all spells.
Aiming: Pain
Press: ? - help, Shift-Dir - straight line, f/p - jackal
Aim: a jackal (severely wounded, chance to defeat MR: 91%)
The jackal writhes in agony!
The jackal barks!
The jackal bites you.
* * * LOW HITPOINT WARNING * * *
Casting: Pain
Confirm with . or Enter, or press ? or * to list all spells.
Aiming: Pain
Press: ? - help, Shift-Dir - straight line, f/p - jackal
Aim: a jackal (almost dead, chance to defeat MR: 91%)
The jackal writhes in agony!
You kill the jackal!
You see here a bat corpse.
As you read the scroll of teleportation, it crumbles to dust.
You feel strangely unstable.
The orc shouts!
The jackal bites you but does no damage.
Casting: Pain
Confirm with . or Enter, or press ? or * to list all spells.
Aiming: Pain
Press: ? - help, Shift-Dir - straight line, f - jackal
Aim: a jackal (chance to defeat MR: 91%)
The jackal writhes in agony!
You kill the jackal!
Casting: Pain
Confirm with . or Enter, or press ? or * to list all spells.
Aiming: Pain
Press: ? - help, Shift-Dir - straight line, f - jackal
Aim: a jackal (chance to defeat MR: 91%)
The jackal writhes in agony!
You kill the jackal!
Your surroundings suddenly seem different.
A leopard gecko comes into view.
The leopard gecko hisses angrily.
The leopard gecko closely misses you.
Found a falchion. 2 jackals come into view.
Are you sure you want to abandon this character and quit the game? (Confirm with "yes".)

#......#
##.o....####
.........†+..##
##............#
#.####.####w.# #.
##.....##..[.. #
#.......#...##.#
..#h.$....#.....
......_@l...#.##.
.h#.......#.#.## #
#.......#h#..# ###
##.w...##[##.#.....
###.####hh<%.#
)...h...#..#
###w.... #.# ######
.[# .#


You could see a dart slug, an orc, a leopard gecko and 2 jackals.

Vanquished Creatures
  2 adders (D:2)
  3 dart slugs (D:1)
  A ball python (D:3)
  7 bats
  3 giant cockroaches
  4 goblins
  2 hobgoblins
  3 jackals (D:3)
  4 kobolds
  A frilled lizard (D:2)
  4 rats
34 creatures vanquished.

Notes
Turn   | Place    | Note
-------+----------+-------------------------------------------
     0 | D:1      | tidbits the Demigod Necromancer began the quest for the Orb.
     0 | D:1      | Reached XP level 1. HP: 14/14 MP: 5/5
   220 | D:1      | Reached skill level 2 in Stealth
   286 | D:1      | Reached XP level 2. HP: 9/20 MP: 1/7
   289 | D:1      | Learned a level 1 spell: Animate Skeleton
   379 | D:1      | HP: 1/20 [dart slug/slug dart (4)]
   395 | D:1      | Reached skill level 4 in Necromancy
   416 | D:1      | Reached skill level 2 in Spellcasting
   608 | D:2      | Found a glowing golden altar of the Shining One.
   806 | D:2      | Reached XP level 3. HP: 12/26 MP: 8/8
   903 | D:3      | Found an opulent altar of Gozag.
   912 | D:3      | Learned a level 3 spell: Vampiric Draining
   913 | D:3      | HP: 1/26 [jackal (3)]
   922 | D:3      | Quit the game

Vault maps used:
D:1:      dpeg_arrival_rhombus
D:2:      wad_pebble_path, nicolae_tso_carved_into_rock
D:3:      old_standard_altar, lemuel_coloured_pillars_altar, first_bread

Skill      XL: |  1  2 |
---------------+-------+-----
Stealth        | 2 |  2.0
Necromancy     | 4 |  4.4
Spellcasting   | 2 |  2.3
Dodging        | |  1.9

Action                   || total
-------------------------++-------
Melee: Dagger            ||     3
       Trident           ||     1
Throw: Stone             ||     1
 Cast: Pain              ||    54
  Use: Potion            ||     1
       Scroll            ||     4
Armor: Robe              ||     3
Dodge: Dodged            ||     5

Table legend:
 A = Spawn XP
 B = Non-spawn XP
 C = Spawn XP percentage of total XP
 D = Spawn monster count
 E = Non-spawn monster count
 F = Spawn count percentage of total count
 G = Total turns spent on level
                    A         B        C        D         E        F      G
               +---------+---------+-------+---------+---------+-------+---------
         Total |       4 |      80 |   4.8 |       3 |      31 |   8.8 |   922
               +---------+---------+-------+---------+---------+-------+---------
           D:1 |       0 |      32 |   0.0 |       0 |      16 |   0.0 |   502
           D:2 |       4 |      37 |   9.8 |       3 |       9 |  25.0 |   391
           D:3 |       0 |      11 |   0.0 |       0 |       6 |   0.0 |    29
               +---------+---------+-------+---------+---------+-------+---------

Table legend:
 A = Turns spent in this place as a percentage of turns spent in the entire game.
 B = Non-inter-level travel turns spent in this place as a percentage of non-inter-level travel turns spent in the entire game.
 C = Inter-level travel turns spent in this place as a percentage of turns spent in this place.
 D = Turns resting spent in this place as a percentage of non-inter-level travel turns spent in this place.
 E = Turns spent auto-exploring this place as a percentage of non-inter-level travel turns spent in this place.
 F = Non-inter-level travel turns spent in this place divided by the number of levels of this place that you've seen.
                   A       B       C       D       E      F
               +-------+-------+-------+-------+-------+----------------------
         Total | 100.0 | 100.0 |   2.6 |   0.0 |   0.0 | 299.3
       Dungeon | 100.0 | 100.0 |   2.6 |   0.0 |   0.0 | 299.3
               +-------+-------+-------+-------+-------+----------------------

Table legend:
 A = Kills in this place as a percentage of kills in entire the game.
 B = Kills by you in this place as a percentage of kills by you in the entire game.
 C = Kills by friends in this place as a percentage of kills by friends in the entire game.
 D = Other kills in this place as a percentage of other kills in the entire game.
 E = Experience gained in this place as a percentage of experience gained in the entire game.
 F = Experience gained in this place divided by the number of levels of this place that you have seen.
                   A       B       C       D       E      F
               +-------+-------+-------+-------+-------+----------------------
         Total | 100.0 | 100.0 |   N/A |   N/A | 100.0 |  28.0
       Dungeon | 100.0 | 100.0 |   N/A |   N/A | 100.0 |  28.0
               +-------+-------+-------+-------+-------+----------------------

Vault maps used:
D:1:      dpeg_arrival_rhombus
D:2:      wad_pebble_path, nicolae_tso_carved_into_rock
D:3:      old_standard_altar, lemuel_coloured_pillars_altar, first_bread
